 Dungeon Crawl Stone Soup version 0.31-a0-232-gb1c03b2570 (webtiles) character file.

Game seed: 3495394015742390063

561 qw the Shooter (level 7, -7/61 HPs)
             Began as a Minotaur Hexslinger on July 7, 2023.
             Mangled by a gnoll bouda
             ... wielding a +0 club
              (10 damage)
             ... on level 4 of the Dungeon.
             The game lasted 00:01:25 (3479 turns).

qw the Shooter (Minotaur Hexslinger)                Turns: 3479, Time: 00:01:26

Health: -7/61      AC:  4    Str: 13    XL:     7   Next: 9%
Magic:  7/7        EV: 12    Int: 10    God:
Gold:   165        SH:  0    Dex: 14    Spells: 7/8 levels left

rFire   . . .        Y - +1 orcbow
rCold   . . .        (shield currently unavailable)
rNeg    . . .        b - +2 robe {Will+}
rPois   .            (helmet restricted)
rElec   .            (no cloak)
rCorr   .            (no gloves)
SInv    .            (no boots)
Will    +....        l - amulet of faith
Stlth   +            (no ring)
HPRegen 0.30/turn    (no ring)
MPRegen 0.10/turn

%: faith
@: weakened
A: horns 2, retaliatory headbutt
a: no special abilities


You were on level 4 of the Dungeon.
You visited 1 branch of the dungeon, and saw 4 of its levels.

You collected 165 gold pieces.


Innate Abilities, Weirdness & Mutations

You have a pair of horns on your head.
You reflexively headbutt those who attack you in melee.


   Skills:
 - Level 5.1 Fighting
 + Level 7.0 Ranged Weapons
 - Level 1.4 Armour
 - Level 2.1 Dodging
 - Level 1.0 Spellcasting
 - Level 2.0 Hexes


You had 7 spell levels left.
You knew the following spells:

 Your Spells              Type           Power      Damage    Failure   Level
a - Slow                  Hex            16%        N/A       16%         1

Your spell library contained the following spells:

 Spells                   Type           Power      Damage    Failure   Level
 Inner Flame              Hex/Fire       2%         N/A       56%         3
 Portal Projectile        Hex/Tloc       4%         N/A       56%         3
 Cause Fear               Hex            2%         N/A       83%         4

Inventory:

Hand Weapons
 Y - a +1 orcbow (weapon)
Armour
 b - a +2 robe of willpower (worn)
 d - the +0 leather armour of Glamorous Joy {rF+ Will+ MP+9 Int+2}
   (You found it on level 4 of the Dungeon)

   Int:       It affects your intelligence (+2).
   rF:        It protects you from fire.
   MP:        It affects your magic capacity (+9).
   Will:      It increases your willpower.
Jewellery
 k - a +6 ring of intelligence
 l - an amulet of faith (around neck)
Scrolls
 c - 2 scrolls of fear {unknown}
 e - a scroll of butterflies {unknown}
 i - 2 scrolls of identify
Potions
 a - a potion of invisibility {unknown}
 f - a potion of curing
 g - 2 potions of haste {unknown}
 h - a potion of degeneration {unknown}
 j - a potion of enlightenment {unknown}

Dungeon Overview and Level Annotations

Branches:
Dungeon (4/15)
 Temple: D:4-7

Altars:

Shops:
D:4 =

Annotations:
D:2 1 runed translucent door, Crazy Yiuf


Message History

You furiously retaliate!
You headbutt the gnoll! The gnoll misses you.
The giant cockroach bites you but does no damage.
You shoot an arrow. The arrow closely misses the gnoll.
The giant cockroach bites you but does no damage.
The gnoll bouda barks out a call to the hunt!
The gnolls pick up the pace!
The gnoll hits you from afar with a +0 spear of freezing.
The gnoll freezes you. The gnoll barely misses you.
The giant cockroach closely misses you. You furiously retaliate!
You headbutt the giant cockroach. You shoot an arrow. The arrow hits the gnoll.
The gnoll is almost dead.
The gnoll bouda gazes fiercely through you!
You feel your attacks grow feeble. The gnoll bouda barely misses you.
The gnoll hits you from afar with a +0 spear of freezing.
The gnoll freezes you. The gnoll hits you with a +0 whip!
The giant cockroach completely misses you.
The gnoll closely misses you.
The gnoll bouda gazes fiercely through you!
You feel as though you will be weak longer.
The gnoll bouda closely misses you. You furiously retaliate!
You headbutt the gnoll bouda. The gnoll closely misses you.
You shoot an arrow. The arrow hits the gnoll!
You kill the gnoll!
The giant cockroach bites you but does no damage.
The gnoll bouda closely misses you. The gnoll misses you.
The giant cockroach misses you.
Your Ranged Weapons skill increases to level 7!
You shoot an arrow. The arrow hits the gnoll bouda.
The gnoll bouda is severely wounded.
The gnoll bouda hits you but does no damage.
The gnoll misses you. The giant cockroach closely misses you.
You shoot an arrow.
The arrow barely misses the gnoll bouda.
The giant cockroach bites you but does no damage.
The gnoll bouda gazes fiercely through you!
You feel as though you will be weak longer.
The gnoll bouda hits you with a +0 club!
You die...

###
..#####################
............##........#.
........................
###...########..))......
.......... #..@B...%..
..:...).####.....gg.....
..#.......####..$.......
........#.##............
........................
...............###.....(
%.............. ......
.%........%#.#####......
..##................


You could see a gnoll bouda, a gnoll (swift) and a giant cockroach.

Vanquished Creatures
  Sigmund (D:3)
  A scorpion (D:4)
  Natasha (twice) (D:2)
  An iguana (D:4)
  Terence (D:2)
  Robin (D:2)
  7 gnolls
  7 adders
  A worm (D:2)
  2 dart slugs
  2 orcs
  7 ball pythons
  4 endoplasms
  2 giant cockroaches
  17 goblins
  14 hobgoblins
  3 quokkas
  7 bats
  3 frilled lizards
  11 kobolds
  2 rats (D:1)
96 creatures vanquished.

Notes
Turn   | Place    | Note
-------+----------+-------------------------------------------
     0 | D:1      | qw the Minotaur Hexslinger began the quest for the Orb.
     0 | D:1      | Reached XP level 1. HP: 16/16 MP: 1/1
     0 | D:1      | 0 ||| qw: Version: 0.3-a-46-gb1f654a
     0 | D:1      | 0 ||| qw: Game counter: 2705
     0 | D:1      | 0 ||| qw: Melee chars always use a shield: true
     0 | D:1      | 0 ||| qw: God list: Okawaru
     0 | D:1      | 0 ||| qw: Allow faded altars: false
     0 | D:1      | 0 ||| qw: Do Orc after clearing Dungeon:15 true
     0 | D:1      | 0 ||| qw: Do second Lair branch before Depths: true
     0 | D:1      | 0 ||| qw: Lair rune preference: random
     0 | D:1      | 0 ||| qw: Goals: Normal
     0 | D:1      | 0 ||| PLANNING D:1-11
    18 | D:1      | 18 ||| SWAPPING to +0 orcbow.
    19 | D:1      | 19 ||| DROPPING +1 sling.
    24 | D:1      | 24 ||| Stepping ~*~*~tactically~*~*~ (outnumbered).
    35 | D:1      | Reached skill level 3 in Ranged Weapons
    35 | D:1      | Reached XP level 2. HP: 10/23 MP: 2/2
   372 | D:1      | Reached XP level 3. HP: 29/29 MP: 3/3
   918 | D:1      | 918 ||| UPGRADING to +0 ring mail.
   928 | D:1      | 928 ||| DROPPING +0 robe.
   929 | D:1      | 929 ||| UPGRADING to amulet of faith.
   934 | D:1      | 934 ||| READING scroll labelled FEV YNUSHUTI.
   935 | D:1      | 935 ||| READING 2 scrolls labelled DUEXOCO YMNER.
   936 | D:1      | 936 ||| READING scroll labelled CEIQOR QADD.
   937 | D:1      | 937 ||| READING scroll labelled VOTYRO PIEGOMY.
   938 | D:1      | 938 ||| READING 3 scrolls labelled SEOCWO OCIXA.
   992 | D:1      | 992 ||| DRINKING 2 coppery potions.
   993 | D:1      | 993 ||| DROPPING scroll of poison.
   994 | D:1      | 994 ||| DROPPING scroll of amnesia.
   995 | D:1      | 995 ||| DROPPING 2 scrolls of torment.
  1115 | D:2      | Found a runed translucent door.
  1116 | D:2      | Noticed Crazy Yiuf
  1142 | D:2      | Reached skill level 4 in Ranged Weapons
  1254 | D:2      | Reached skill level 1 in Armour
  1305 | D:2      | Noticed Robin
  1306 | D:2      | Noticed Natasha
  1314 | D:2      | HP: 7/29 [Robin/+0 spear (3)]
  1315 | D:2      | 1315 ||| DRINKING potion of heal wounds.
  1316 | D:2      | Killed Natasha
  1317 | D:2      | Reached XP level 4. HP: 26/36 MP: 4/4
  1329 | D:2      | Killed Robin
  1490 | D:2      | Reached skill level 5 in Ranged Weapons
  1579 | D:2      | Noticed Natasha
  1581 | D:2      | 1581 ||| Stepping ~*~*~tactically~*~*~ (outnumbered).
  1589 | D:2      | Killed Natasha
  1590 | D:2      | Reached skill level 3 in Fighting
  1590 | D:2      | Reached XP level 5. HP: 13/45 MP: 5/5
  1922 | D:2      | 1922 ||| FLEEEEING.
  1923 | D:2      | 1923 ||| FLEEEEING.
  1924 | D:2      | 1924 ||| FLEEEEING.
  1925 | D:2      | 1925 ||| FLEEEEING.
  1926 | D:2      | 1926 ||| FLEEEEING.
  1927 | D:2      | 1927 ||| FLEEEEING.
  1928 | D:2      | 1928 ||| FLEEEEING.
  1929 | D:2      | 1929 ||| STAIRDANCE
  1970 | D:1      | 1970 ||| DROPPING amulet of magic regeneration.
  1971 | D:1      | 1971 ||| READING scroll labelled OGUING XEROLO.
  2037 | D:2      | Found a faded altar of an unknown god.
  2044 | D:2      | Identified the +5 spear of Qeqiw {freeze, Will+ rCorr
                  | Int-2}
  2053 | D:2      | Noticed Terence
  2062 | D:2      | HP: 7/45 [Terence/+0 flail (6)]
  2063 | D:2      | 2063 ||| DRINKING potion of heal wounds.
  2065 | D:2      | Killed Terence
  2437 | D:3      | Reached skill level 6 in Ranged Weapons
  2451 | D:3      | Noticed Sigmund
  2460 | D:3      | Killed Sigmund
  2461 | D:3      | Reached XP level 6. HP: 46/56 MP: 6/6
  3198 | D:3      | 3198 ||| UPGRADING to +2 robe of willpower.
  3208 | D:3      | 3208 ||| DROPPING +0 ring mail.
  3209 | D:3      | 3209 ||| READING scroll labelled TURGHA PURRO.
  3210 | D:3      | 3210 ||| READING scroll labelled BEPHUE RUPLA.
  3211 | D:3      | 3211 ||| READING scroll labelled XASIEG WEBB.
  3212 | D:3      | 3212 ||| READING 2 scrolls of identify.
  3212 | D:3      | 3212 ||| IDENTIFYING pink potion
  3252 | D:4      | Found Redilo's Jewellery Shoppe.
  3280 | D:4      | Reached XP level 7. HP: 61/61 MP: 7/7
  3287 | D:4      | 3287 ||| SHOPLISTING +4 ring of protection (468 gold, have
                  | 121).
  3287 | D:4      | 3287 ||| SHOPLISTING +5 ring of evasion (468 gold, have
                  | 121).
  3287 | D:4      | 3287 ||| SHOPLISTING +6 ring of dexterity (468 gold, have
                  | 121).
  3287 | D:4      | 3287 ||| SHOPLISTING amulet of reflection (390 gold, have
                  | 121).
  3303 | D:4      | Identified the +0 leather armour of Glamorous Joy {rF+
                  | Will+ MP+9 Int+2}
  3475 | D:4      | HP: 15/61 [gnoll/+0 spear of freezing[a gnoll bouda] (5)]
  3476 | D:4      | HP: 2/61 [gnoll/+0 whip[a gnoll bouda] (7)]
  3478 | D:4      | Reached skill level 7 in Ranged Weapons
  3479 | D:4      | Mangled by a gnoll bouda

Levels and vault maps discovered:
D:1:      evilmike_arrival_plus, layout_basic, grunt_decor_fettered,
          nicolae_figureground_sparkle
D:2:      layout_loops_cross, hellmonk_ecumenical_altar_crossroads,
          serial_glass, glass_columns_c, glass_columns_a,
          minmay_misc_feat_roman, kennysheep_flooded_box, uniq_natasha,
          uniq_terence, uniq_robin, uniq_crazy_yiuf_cottage
D:3:      minmay_door_path, layout_basic, uniq_sigmund
D:4:      layout_rooms, minmay_shop_enchanted_jewellery, minmay_manual_moon

Skill      XL: |  1  2  3  4  5  6  7 |
---------------+----------------------+-----
Ranged Weapons | 3 4 5 6 7 |  7.0
Fighting       | 2 3 5 |  5.1
Armour         | 1 |  1.4
Dodging        | |  2.1
Spellcasting   | |  1.0
Hexes          | |  2.0

Action                     |  1- 3 |  4- 6 |  7- 9 || total
---------------------------+-------+-------+-------++-------
   Fire: Orcbow            |   128 |   161 |    36 ||   325
    Use: Scroll            |     5 |     5 |       ||    10
         Potion            |     2 |     1 |       ||     3
 Armour: Robe              |    10 |       |     8 ||    18
         Ring mail         |    19 |    20 |       ||    39
  Dodge: Dodged            |    60 |    58 |    18 ||   136

Table legend:
 A = Non-vault XP
 B = Vault XP
 C = Vault XP percentage of total XP
 D = Non-vault monster count
 E = Vault monster count
 F = Vault count percentage of total count
                 A         B        C        D         E       F
            +---------+---------+-------+---------+---------+-------
      Total |     472 |     330 |  41.1 |      83 |      13 |  13.5
            +---------+---------+-------+---------+---------+-------
        D:1 |      58 |       0 |   0.0 |      27 |       0 |   0.0
        D:2 |     180 |      98 |  35.3 |      27 |       9 |  25.0
        D:3 |      61 |     232 |  79.2 |      14 |       4 |  22.2
        D:4 |     173 |       0 |   0.0 |      15 |       0 |   0.0
            +---------+---------+-------+---------+---------+-------
